 Dungeon Crawl Stone Soup version 0.22-a0-858-g985ef60 (webtiles) character file.

1 Amnesiac the Vexing (level 1, -2/13 HPs)
             Began as a Mummy Enchanter on July 27, 2018.
             Slain by an ooze (4 damage)
             ... on level 1 of the Dungeon.
             The game lasted 00:00:37 (68 turns).

Amnesiac the Vexing (Mummy Enchanter)                 Turns: 68, Time: 00:00:38

Health: -2/13      AC:  2    Str: 11    XL:     1   Next: 16%
Magic:  4/4        EV: 12    Int: 14    God:
Gold:   4          SH:  0    Dex: 12    Spells: 4/5 levels left

rFire    x . .     SeeInvis .   a - +1 dagger
rCold    + . .     Gourm    .   (no shield)
rNeg     + + +     Faith    .   b - +0 robe
rPois    ∞         Spirit   .   (no helmet)
rElec    .         Reflect  .   (no cloak)
rCorr    .         Harm     .   (no gloves)
MR       .....                  (no boots)
Stlth    ++........             (no amulet)
HPRegen  0.04/turn              (no ring)
MPRegen  0.09/turn              (no ring)

@: no status effects
A: no food or potions, fire vulnerability, cold resistance 1, negative energy
resistance 3, torment resistance, unbreathing
a: no special abilities


You were on level 1 of the Dungeon.
You were not hungry.

You visited 1 branch of the dungeon, and saw 2 of its levels.

You collected 4 gold pieces.

Inventory:

Hand Weapons
 a - a +1 dagger (weapon)
Armour
 b - a +0 robe (worn)
Scrolls
 c - a scroll of enchant armour {!r, unknown}


   Skills:
 - Level 0.7 Short Blades
 - Level 1.5 Dodging
 - Level 2.4 Stealth
 + Level 2.7 Spellcasting
 * Level 2.7 Hexes


You had 4 spell levels left.
You knew the following spells:

 Your Spells              Type           Power        Failure   Level  Hunger
a - Corona                Hex            #......      7%          1    N/A

Your spell library contained the following spells:

 Spells                   Type           Power        Failure   Level  Hunger
 Confuse                  Hex            #.......     22%         3    N/A
 Tukima's Dance           Hex            #.......     22%         3    N/A
 Ensorcelled Hibernation  Hex/Ice        #.....       19%         2    N/A
 Dazzling Spray           Conj/Hex       #.....       36%         3    N/A

Dungeon Overview and Level Annotations

Branches:
Dungeon (2/15)

Altars:


Innate Abilities, Weirdness & Mutations

You do not eat or drink.
Your flesh is vulnerable to fire.
You are immune to poison.
Your flesh is cold resistant. (rC+)
You are immune to negative energy. (rN+++)
You are immune to unholy pain and torment.
You can survive without breathing.


Message History

Hello, welcome to Dungeon Crawl Stone Soup 0.22-a0-858-g985ef60! (c) Copyright 1997-2002 Linley Henzell, 2002-2018 Crawl DevTeam Read the instructions for legal details. (Options read from Amnesiac.rc.) Welcome, Amnesiac the Mummy Enchanter.
It is said that the Orb of Zot exists deep within this dungeon.
Press ? for a list of commands and other information.
Found 3 gold pieces.
Found a staircase leading out of the dungeon.
You now have 1 gold piece.
You now have 2 gold pieces (gained 1).
There is a fountain of clear blue water here.
You now have 3 gold pieces (gained 1).
You open the door.
There is an open door here.
There is a fountain of clear blue water here.
You now have 4 gold pieces (gained 1).
There is an open door here.
You open the door.
Found a stone staircase leading down.
There is an open door here.
Found a dagger.
There is a stone staircase leading down here.
You climb downwards.
A quokka comes into view.
Found a golden potion and a scroll labeled ZUT BUELUR.
There is a stone staircase leading up here.
The helpless quokka fails to defend itself.
You puncture the quokka!
You kill the quokka!
Found a stone staircase leading up.
c - a scroll labeled ZUT BUELUR {!r}
Found a golden potion.
There is a stone staircase leading up here.
You climb upwards.
An ooze comes into view.
Found a leather armour and 15 gold pieces.
There is a stone staircase leading down here.
The ooze quivers.
The ooze hits you but does no damage.
Found 11 gold pieces.
You hit the ooze but do no damage. The ooze closely misses you.
You hit the ooze.
The ooze is moderately wounded.
The ooze hits you but does no damage.
You hit the ooze.
The ooze is moderately wounded.
The ooze hits you.
You barely miss the ooze.
The ooze is moderately wounded.
The ooze hits you.
* * * LOW HITPOINT WARNING * * *
You hit the ooze but do no damage.
The ooze is moderately wounded.
The ooze hits you but does no damage.
You hit the ooze.
The ooze is severely wounded.
The ooze jiggles.
The ooze misses you.
You completely miss the ooze.
The ooze is severely wounded.
The ooze hits you.
* * * LOW HITPOINT WARNING * * *
You hit the ooze.
The ooze is severely wounded.
The ooze hits you.
You die...

...$.......#
...........
.........#
###...$...###
..........[.#
#...........#
#.......J...#
#......@....####
#.####..>.......
#..#######. ##..
... ...## ###.#
..# ##


You could see an ooze.

Vanquished Creatures
  A quokka (D:2)
1 creature vanquished.

Notes
Turn   | Place    | Note
-------+----------+-------------------------------------------
     0 | D:1      | Amnesiac the Mummy Enchanter began the quest for the Orb.
     0 | D:1      | Reached XP level 1. HP: 13/13 MP: 4/4
    68 | D:1      | Slain by an ooze

Vault maps used:
D:1:      giann_wishing_wells, minmay_pentomino_u4
D:2:      overflow_temple_1_default, nicolae_qazlal_general_emergency

Action                   || total
-------------------------++-------
Melee: Dagger            ||     9
 Stab: Sleeping          ||     1
Armor: Robe              ||     3
Dodge: Dodged            ||     2

Table legend:
 A = Spawn XP
 B = Non-spawn XP
 C = Spawn XP percentage of total XP
 D = Spawn monster count
 E = Non-spawn monster count
 F = Spawn count percentage of total count
 G = Total turns spent on level
                    A         B        C        D         E        F      G
               +---------+---------+-------+---------+---------+-------+---------
         Total |       0 |       2 |   0.0 |       0 |       1 |   0.0 |    68
               +---------+---------+-------+---------+---------+-------+---------
           D:2 |       0 |       2 |   0.0 |       0 |       1 |   0.0 |    13
               +---------+---------+-------+---------+---------+-------+---------
